 Dungeon Crawl Stone Soup version 0.28.0-53-g5a82cb258f (webtiles) character file.

Game seed: 15100204845288631501

173304 Hylith the Severer (level 17, -39/144 HPs)
             Began as a Demonspawn Wanderer on June 13, 2022.
             Was the Champion of Makhleb.
             Annihilated by a naga warrior
             ... wielding a +0 glaive
              (42 damage)
             ... on level 3 of the Snake Pit on June 14, 2022.
             The game lasted 02:01:43 (34914 turns).

Hylith the Severer (Demonspawn Wanderer)           Turns: 34914, Time: 02:01:44

Health: -39/144    AC: 27    Str: 19    XL:     17   Next: 42%
Magic:  0/22       EV: 13    Int: 17    God:    Makhleb [******]
Gold:   377        SH: 16    Dex: 11    Spells: 16/16 levels left

rFire   + + .      SeeInvis .   J - +3 broad axe (vorpal)
rCold   + . .      Faith    .   f - +0 kite shield
rNeg    + . .      Spirit   +   z - +2 plate armour {rF+}
rPois   +          Reflect  .   b - +2 helmet
rElec   .          Harm     .   v - +1 cloak {rPois}
rCorr   +          Rampage  .   r - +0 pair of gloves
Will    ++...                   (boots unavailable)
Stlth   ..........              y - amulet of regeneration
HPRegen 1.14/turn               g - +4 ring of evasion
MPRegen 0.36/turn               S - ring of Dishonour {rF+ rC+ rN+ rCorr}

@: about to teleport, constricted
A: hooves 3, repulsion field 2, icemail 1, torment resistance 1, magic shield,
magic regeneration, magic link, condensation shield, demonic willpower
a: Renounce Religion, Minor Destruction, Lesser Servant of Makhleb, Major
Destruction, Greater Servant of Makhleb


You were on level 3 of the Snake Pit.
You worshipped Makhleb.
Makhleb was exalted by your worship.
You visited 6 branches of the dungeon, and saw 30 of its levels.
You also visited: Bailey.

You collected 2937 gold pieces.
You spent 2560 gold pieces at shops.

Inventory:

Hand Weapons
 i - a +0 broad axe of electrocution
 l - a +3 broad axe
 G - a +0 flail of venom
 J - a +3 vorpal broad axe (weapon)
 X - a +0 broad axe of freezing
Missiles
 u - 4 poisoned darts
 I - 24 boomerangs (quivered)
 K - 3 silver javelins
 L - 5 curare-tipped darts
Armour
 b - a +2 helmet (worn)
 f - a +0 kite shield (worn)
 h - a +1 plate armour of cold resistance
 r - a +0 pair of gloves (worn)
 v - a +1 cloak of poison resistance (worn)
 z - a +2 plate armour of fire resistance (worn)
 W - a +0 tower shield
Jewellery
 g - a +4 ring of evasion (left hand)
 y - an amulet of regeneration (around neck)
 H - a +4 ring of evasion
 N - a +6 ring of dexterity
 S - the ring of Dishonour (right hand) {rF+ rC+ rN+ rCorr}
   (You acquired it on level 6 of the Lair of Beasts)

   [ring of protection from fire]

   rF:        It protects you from fire.
   rC:        It protects you from cold.
   rN:        It protects you from negative energy.
   rCorr:     It protects you from acid and corrosion.
 Z - a ring of see invisible
Wands
 s - a wand of acid (9)
 w - a wand of flame (28)
 x - a wand of paralysis (24)
 A - a wand of polymorph (38)
 E - a wand of iceblast (2)
 P - a wand of charming (10)
Scrolls
 j - 7 scrolls of fear
 n - 8 scrolls of teleportation
 o - 4 scrolls of holy word
 p - 8 scrolls of amnesia
 q - a scroll of blinking
 t - 11 scrolls of enchant armour
 B - a scroll of torment
 C - 4 scrolls of fog
 O - 4 scrolls of identify
 V - a scroll of magic mapping
 Y - a scroll of enchant weapon
Potions
 c - 2 potions of lignification
 d - 3 potions of ambrosia
 e - 11 potions of curing
 k - 6 potions of heal wounds
 m - 2 potions of attraction
 D - a potion of magic
 F - a potion of mutation
 M - 5 potions of haste
 R - a potion of might
 T - a potion of cancellation
Miscellaneous
 a - a condenser vane
 Q - a lightning rod (4/4)
 U - a tin of tremorstones (2/2)


   Skills:
 + Level 15.9 Fighting
 - Level 18.0 Axes
 - Level 7.0 Throwing
 - Level 10.0 Armour
 - Level 14.0 Dodging
 - Level 1.0 Stealth
 - Level 14.0 Shields
 - Level 7.0 Invocations
 - Level 2.0 Evocations


You had 16 spell levels left.
You didn't know any spells.
Your spell library contained the following spells:

 Spells                   Type           Power      Damage    Failure   Level
 Animate Skeleton         Necr           0%         N/A       100%        1
 Beastly Appendage        Tmut           0%         N/A       100%        1
 Pain                     Necr           0%         1d4       100%        1
 Sandblast                Erth           0%         2d4       100%        1
 Slow                     Hex            0%         N/A       100%        1
 Sting                    Tmut/Pois      0%         1d3       100%        1
 Corpse Rot               Necr/Air       0%         N/A       100%        2
 Ensorcelled Hibernation  Hex/Ice        0%         N/A       100%        2
 Passwall                 Tmut/Erth      0%         N/A       100%        2
 Poisonous Vapours        Pois/Air       0%         N/A       100%        2
 Static Discharge         Conj/Air       0%         N/A       100%        2
 Sublimation of Blood     Necr           0%         N/A       100%        2
 Wereblood                Tmut           0%         N/A       100%        2
 Confusing Touch          Hex            0%         N/A       100%        3
 Conjure Flame            Conj/Fire      0%         6-21      100%        3
 Dazzling Flash           Conj/Hex       0%         N/A       100%        3
 Ignite Poison            Fire/Tmut/Pois 0%         N/A       100%        3
 Mephitic Cloud           Conj/Pois/Air  0%         N/A       100%        3
 Spider Form              Tmut/Pois      0%         N/A       100%        3
 Stone Arrow              Conj/Erth      0%         3d7       100%        3
 Swiftness                Air            0%         N/A       100%        3
 Vampiric Draining        Necr           0%         2d6       100%        3
 Anguish                  Hex/Necr       0%         N/A       100%        4
 Dispel Undead            Necr           0%         3d6       100%        4
 Iskenderun's Mystic Bla  Conj/Tloc      0%         2d3       100%        4
 Olgreb's Toxic Radiance  Pois           0%         N/A       100%        4
 Petrify                  Tmut/Erth      0%         N/A       100%        4
 Sticky Flame             Conj/Fire      0%         2d3       100%        4
 Fireball                 Conj/Fire      0%         3d3       100%        5
 Freezing Cloud           Conj/Ice/Air   0%         6-21      100%        5
 Irradiate                Conj/Tmut      0%         3d14      100%        5
 Iskenderun's Battlesphe  Conj           0%         2d6       100%        5
 Lightning Bolt           Conj/Air       0%         1d11      100%        5
 Conjure Ball Lightning   Conj/Air       0%         3x3d6     100%        6
 Death Channel            Necr           0%         N/A       100%        6
 Simulacrum               Ice/Necr       0%         N/A       100%        6
 Starburst                Conj/Fire      0%         6d3       100%        6
 Orb of Destruction       Conj           0%         9d5       100%        7
 Maxwell's Capacitive Co  Air            0%         ∞         100%        8
 Polar Vortex             Ice            0%         N/A       100%        9


Dungeon Overview and Level Annotations

Branches:
Dungeon (15/15)            Temple (1/1) D:7            Lair (6/6) D:9
  Swamp (3/4) Lair:3        Snake (3/4) Lair:3        Slime (0/5) Lair:5
    Orc (2/2) D:11            Elf (0/3) Orc:2        Vaults (0/5) D:14
 Depths (0/4) D:15         Bailey (visited)

Altars:
Ashenzari
Cheibriados
Dithmenos
Elyvilon
Fedhas
Gozag
Hepliaklqana
Kikubaaqudgha
Makhleb
Nemelex Xobeh
Okawaru
Qazlal
Ru
Sif Muna
Trog
Uskayaw
Vehumet
Wu Jian
Xom
Yredelemnul
Zin
The Shining One
Beogh

Shops:
D:10 :   D:13 (   Orc:1 :   Orc:2 !=(*[   Snake:1 *

Portals:
Abyss: Swamp:1

Annotations:
D:12 exclusion: obsidian statue
Lair:1 2 transporters, exclusion: downstairs, kalagan's ghost, novice DECj
Lair:6 2 transporters, PentaManta's ghost, journeyman MfTm
Swamp:1 2 transporters, nonnadibruder's ghost, adept MiBe
Swamp:3 Mara
Snake:3 Mlioglotl
Orc:2 1 runed translucent door, gon's ghost, journeyman DECj


Innate Abilities, Weirdness & Mutations

You have hooves in place of feet.
You are surrounded by a moderate repulsion field. (EV +3)
A meltable icy envelope protects you from harm. (AC +4)
You are resistant to unholy torment.
When hurt, damage is shared between your health and your magic reserves.
You regenerate magic rapidly.
When low on magic, you restore magic in place of health.
A meltable shield of frost defends you. (SH +4)
You punish those that try to bend your will. (Will+)


Message History

Things that are here:
a +0 short sword; 11 gold pieces; a naga corpse The naga warrior blocks your attack.
The naga warrior shouts!
Your kick misses the naga warrior.
The naga warrior hits you but does no damage.
The naga warrior constricts you. The naga warrior blocks your attack.
You kick the naga warrior, but do no damage.
The naga warrior spits poison at you.
The splash of poison hits you but does no damage.
You resist. The naga warrior constricts you.
The naga warrior blocks your attack.
The naga warrior roars a battlecry!
The naga warrior goes into a battle-frenzy!
The naga warrior constricts you. The naga warrior blocks your attack.
Your kick misses the naga warrior.
The naga warrior hits you from afar with a +0 glaive.
You block the naga warrior's attack. The naga warrior constricts you.
You hit the naga warrior but do no damage.
The naga warrior blocks your attack.
The naga warrior roars a battlecry!
The naga warrior goes into a battle-frenzy!
You slice the naga warrior!! Your kick misses the naga warrior.
The naga warrior is moderately wounded.
The naga warrior hits you with a +0 trident!
The naga warrior constricts you.
The naga warrior hits you from afar with a +0 glaive!!!
The naga warrior's grasp on you weakens, but your attempt to escape fails.
You block the naga warrior's attack. The naga warrior constricts you.
The naga warrior hits you from afar with a +0 glaive!!!
* * * LOW HITPOINT WARNING * * *
As you read the scroll of teleportation, it crumbles to dust.
You feel strangely unstable.
The naga warrior hits you with a +0 trident!!
* * * LOW HITPOINT WARNING * * *
The naga warrior constricts you.
* * * LOW HITPOINT WARNING * * *
The naga warrior hits you from afar with a +0 glaive!!!
You die...

###.....#####
#.......#...#
..#.....#...#
............#
...........<#######
#####..#...).....##
###.#...#.)##.)#
#...........##.#
##@###########.#
#.#.N.# .........#
##### #.#..N#
..#...#..# ....##
#.#.... #......#
###..## ##.###.#.#
###.#..# ##..###
#..# N.... ...#..#
##...####..# ...
..#.. #..#
###.......#
.......S. #..#
#####...##.## #.#.
#..#


You could see 2 naga warriors.

Vanquished Creatures
  Rupert (Orc:2)
  A tentacled monstrosity (Swamp:1)
  Frances (Swamp:2)
  Gastronok (Lair:2)
  Kirke (Swamp:1)
  A fenstrider witch (Swamp:1)
  Louise (Swamp:2)
  Aizul (Swamp:2)
  2 eleionomae
  Nessos (D:12)
  11 bunyips
  Snorg (Lair:4)
  2 ettins
  A shambling mangrove (Swamp:3)
  3 boulder beetles
  A vault guard (D:14)
  5 naga warriors
  18 hydras
  3 ghost crabs
  5 anacondas
  A merfolk avatar (Lair:6)
  A death knight (D:10)
  Erica (D:10)
  2 alligators
  A centaur warrior (D:13)
  5 two-headed ogres
  11 death yaks
  Urug (Lair:4)
  An orc high priest (Orc:1)
  2 tengu warriors (D:13)
  Sonja (Lair:3)
  A spriggan berserker (Swamp:3)
  A shock serpent (Snake:3)
  A hell knight (D:14)
  2 naga sharpshooters
  A death drake (Swamp:1)
  2 goliath frogs
  2 deep trolls (D:15)
  A glowing orange brain (D:10)
  4 bog bodies
  3 swamp dragons
  4 spriggan druids
  3 naga ritualists
  3 oklob plants (Snake:2)
  2 deep elf pyromancers
  5 mana vipers
  12 orc knights
  A necromancer (D:15)
  6 cyclopes
  6 harpies
  A lindwurm (Lair:5)
  An orc sorcerer (Orc:2)
  4 manticores
  9 salamanders
  17 ugly things
  2 will-o-the-wisps
  18 elephants
  Joseph (D:9)
  29 black mambas
  The ghost of SHADDY the Cleaver, a novice DDFi (D:5)
  6 naga magi
  2 guardian serpents
  A gargoyle (D:12)
  A torpor snail (Lair:4)
  3 kobold demonologists
  A yaktaur (D:15)
  20 cane toads
  4 rime drakes
  A komodo dragon (shapeshifter) (D:14)
  12 komodo dragons
  An unseen horror (D:9)
  A tengu conjurer (D:15)
  The ghost of diceflayer the Chopper, an amateur MiFi (D:4)
  4 polar bears
  7 trolls
  A hornet (shapeshifter) (D:14)
  7 hornets
  7 tyrant leeches
  12 blink frogs
  9 dream sheep
  A wolf spider simulacrum (D:15)
  2 snapping turtles (Lair:6)
  7 slime creatures
  A blink frog (shapeshifter) (D:12)
  3 shadows
  A vampire (D:8)
  4 spriggans
  11 humans (D:14)
  3 wraiths
  37 yaks
  8 wyverns
  A hog (Swamp:2)
  2 basilisks
  A yak (shapeshifter) (D:13)
  4 vampire mosquitoes (D:12)
  11 wargs
  Menkaure (D:7)
  25 nagas
  13 swamp worms
  3 acid dragons (D:10)
  Duvessa (D:5)
  22 water moccasins
  58 orc warriors
  A sky beast (D:6)
  An ice beast (D:7)
  9 black bears
  4 ogres
  A necrophage (D:5)
  A boggart (D:10)
  2 phantoms
  23 wolves
  8 centaurs
  4 kobold brigands
  A gnoll sergeant (D:12)
  25 bullfrogs
  A wyvern zombie (D:8)
  Dowan (D:5)
  A water moccasin skeleton (D:4)
  4 killer bees
  A killer bee (shapeshifter) (D:15)
  13 howler monkeys
  A wight (D:10)
  6 electric eels
  A bullfrog zombie (D:5)
  3 centaur zombies
  A hound (D:7)
  16 orc priests
  A bullfrog skeleton (D:6)
  A centaur skeleton (D:6)
  An iguana (D:4)
  13 orc wizards
  A hound skeleton (D:5)
  3 howler monkey zombies
  6 adders
  14 gnolls
  A river rat (D:5)
  A shadow imp (D:4)
  12 white imps (Orc:2)
  2 ufetubi
  An adder skeleton (D:5)
  A worm (D:5)
  2 dart slugs (D:4)
  88 orcs
  5 ball pythons
  4 endoplasms
  12 giant cockroaches
  10 goblins
  9 hobgoblins
  7 jackals
  35 kobolds
  3 quokkas
  5 bats
  4 frilled lizards
  7 rats
930 creatures vanquished.

Vanquished Creatures (collateral kills)
  A hydra (D:9)
  An orc warrior (D:10)
  2 orcs (D:10)
4 creatures vanquished.

Vanquished Creatures (others)
  A will-o-the-wisp (Swamp:1)
  3 bloated husks
  A human (Swamp:2)
  5 demonic plants (D:1)
  10 foxfires
  74 fungi
  89 plants
  A withered plant (D:1)
184 creatures vanquished.

Grand Total: 1118 creatures vanquished

Notes
Turn   | Place    | Note
-------+----------+-------------------------------------------
     0 | D:1      | Hylith the Demonspawn Wanderer began the quest for the Orb.
     0 | D:1      | Hylith set off with the following items: a +3 dagger, 2
                  | curare-tipped darts, a +0 hand axe, a +0 robe
     0 | D:1      | Reached XP level 1. HP: 21/21 MP: 1/1
   272 | D:1      | Gained mutation: You have large cloven feet. [demonic
                  | ancestry]
   272 | D:1      | Reached XP level 2. HP: 27/27 MP: 2/2
   283 | D:1      | Reached skill level 1 in Stealth
   568 | D:1      | Found a faded altar of an unknown god.
   599 | D:1      | Reached skill level 1 in Dodging
   796 | D:1      | Gained mutation: You have hoof-like feet. [demonic
                  | ancestry]
   796 | D:1      | Reached XP level 3. HP: 33/33 MP: 3/3
  1119 | D:2      | Found Udew's Assorted Antiques.
  1865 | D:3      | Identified the +1 dagger "Zulimoc" {vorpal, Drain rCorr
                  | MP+9 Stlth+}
  2131 | D:3      | Gained mutation: A meltable shield of frost defends you.
                  | (SH +4) [demonic ancestry]
  2131 | D:3      | Reached XP level 4. HP: 39/39 MP: 4/4
  2860 | D:4      | Reached skill level 1 in Armour
  2860 | D:4      | Gained mutation: You are surrounded by a mild repulsion
                  | field. (EV +2) [demonic ancestry]
  2860 | D:4      | Reached XP level 5. HP: 36/46 MP: 5/5
  3011 | D:4      | Found a runed translucent gate.
  3012 | D:4      | Found a runed translucent gate.
  3014 | D:4      | Found a runed translucent gate.
  3014 | D:4      | Noticed diceflayer's ghost (amateur MiFi)
  3391 | D:4      | Noticed a black bear
  3738 | D:5      | Entered Level 5 of the Dungeon
  3738 | D:5      | Noticed Duvessa
  3738 | D:5      | Noticed Dowan
  3987 | D:5      | Found a runed translucent door.
  3987 | D:5      | Noticed a necrophage
  3988 | D:5      | Noticed SHADDY's ghost (novice DDFi)
  4188 | D:4      | Killed a black bear
  4189 | D:4      | Gained mutation: You regenerate magic rapidly. [demonic
                  | ancestry]
  4189 | D:4      | Reached XP level 6. HP: 46/52 MP: 6/6
  5975 | D:5      | Found a runed translucent door.
  6089 | D:5      | Reached skill level 5 in Armour
  6089 | D:5      | Gained mutation: You punish those that try to bend your
                  | will. (Will+) [demonic ancestry]
  6089 | D:5      | Reached XP level 7. HP: 50/58 MP: 7/7
  6209 | D:5      | Killed SHADDY's ghost
  6283 | D:5      | Killed Duvessa
  6284 | D:5      | Gained mutation: You have hooves in place of feet. [demonic
                  | ancestry]
  6284 | D:5      | Reached XP level 8. HP: 18/68 MP: 8/8
  6289 | D:5      | Killed Dowan
  6767 | D:6      | Reached skill level 10 in Fighting
  6968 | D:6      | Reached XP level 9. HP: 28/81 MP: 9/9
  7155 | D:7      | Found a staircase to the Ecumenical Temple.
  7158 | D:7      | Noticed Menkaure
  7160 | Temple   | Entered the Ecumenical Temple
  7397 | Temple   | Became a worshipper of Makhleb the Destroyer
  7465 | D:7      | Killed Menkaure
  7525 | D:7      | Found a flagged portal.
  7544 | Bailey   | Entered a bailey
  7549 | Bailey   | Noticed an orc warlord
  7635 | Bailey   | Found a runed translucent gate.
  7638 | Bailey   | Found a runed translucent gate.
  7639 | Bailey   | Found a runed translucent gate.
  7667 | Bailey   | HP: 4/82 [orc warrior/+0 war axe (9)]
  8148 | D:7      | Reached skill level 2 in Axes
  8170 | D:7      | Reached * piety under Makhleb
  8171 | D:7      | Reached skill level 3 in Axes
  8552 | D:8      | Reached skill level 4 in Axes
  8647 | D:8      | Reached skill level 5 in Axes
  8946 | D:8      | Noticed a two-headed ogre
  8955 | D:8      | Killed a two-headed ogre
  8956 | D:8      | Reached skill level 6 in Axes
  8956 | D:8      | Gained mutation: When hurt, damage is shared between your
                  | health and your magic reserves. [demonic ancestry]
  8956 | D:8      | Reached XP level 10. HP: 89/89 MP: 10/10
  9314 | D:8      | Reached skill level 7 in Axes
  9504 | D:8      | Reached skill level 8 in Axes
  9550 | D:9      | Reached ** piety under Makhleb
  9622 | D:9      | Found a staircase to the Lair.
  9635 | D:9      | Reached skill level 9 in Axes
  9802 | D:9      | Noticed Joseph
  9835 | D:9      | Killed Joseph
  9933 | D:9      | Found Oweogotimu's Armour Boutique.
 10094 | D:9      | Found a stormy altar of Qazlal.
 10094 | D:9      | Found a shadowy altar of Dithmenos.
 10344 | D:9      | Reached skill level 10 in Axes
 10503 | D:10     | Entered Level 10 of the Dungeon
 10503 | D:10     | Noticed a manticore
 10643 | D:10     | Found Humiasim's Book Shoppe.
 10655 | D:10     | Reached *** piety under Makhleb
 10656 | D:10     | Gained mutation: A meltable icy envelope protects you from
                  | harm. (AC +4) [demonic ancestry]
 10656 | D:10     | Reached XP level 11. HP: 94/95 MP: 11/11
 10696 | D:10     | Reached skill level 11 in Axes
 10793 | D:10     | Noticed a glowing orange brain
 10798 | D:10     | Killed a glowing orange brain
 11019 | D:10     | Found an ornate altar of the Wu Jian Council.
 11051 | D:10     | Noticed Erica
 11172 | D:9      | Reached skill level 12 in Axes
 11206 | D:10     | Noticed a death knight
 11505 | Lair:1   | Entered Level 1 of the Lair of Beasts
 11505 | Lair:1   | Noticed a five-headed hydra
 11561 | D:10     | Killed Erica
 11594 | D:10     | Noticed a cyan ugly thing
 11601 | D:10     | Noticed a purple ugly thing
 11603 | D:10     | Noticed a boulder beetle
 11801 | D:9      | Killed a purple ugly thing
 11816 | D:10     | Noticed a purple ugly thing
 11825 | D:9      | Killed a cyan ugly thing
 11907 | D:9      | Killed a purple ugly thing
 11908 | D:9      | Reached skill level 13 in Axes
 11968 | D:10     | Noticed a two-headed ogre
 11968 | D:10     | Noticed an ogre mage
 12074 | D:9      | Killed a two-headed ogre
 12262 | D:9      | Killed a five-headed hydra
 12286 | D:9      | Reached XP level 12. HP: 102/102 MP: 12/12
 12371 | Lair:1   | Found a transporter.
 12378 | Lair:1   | Reached **** piety under Makhleb
 12379 | Lair:1   | Noticed kalagan's ghost (novice DECj)
 12386 | Lair:1   | Noticed a seven-headed hydra
 12508 | Lair:1   | Killed a two-headed hydra
 12509 | Lair:1   | Reached skill level 14 in Axes
 12835 | Lair:1   | Noticed a six-headed hydra
 12849 | Lair:1   | Killed a one-headed hydra
 12953 | Lair:1   | Found a transporter.
 12959 | Lair:1   | Found a bloodstained altar of Trog.
 13106 | Lair:2   | Noticed a seven-headed hydra
 13243 | Lair:2   | Noticed a seven-headed hydra
 13449 | D:11     | Noticed a boulder beetle
 13477 | D:11     | Killed a boulder beetle
 13932 | D:11     | Noticed a two-headed ogre
 13956 | D:11     | Killed a two-headed ogre
 14595 | D:11     | Found a staircase to the Orcish Mines.
 15015 | Orc:1    | Entered Level 1 of the Orcish Mines
 15064 | Orc:1    | Noticed an orc high priest
 15251 | Orc:1    | Killed an orc high priest
 15327 | Orc:1    | Found Opruq's Self-Improvement Boutique.
 15447 | Orc:2    | Entered Level 2 of the Orcish Mines
 15478 | Orc:2    | Reached ***** piety under Makhleb
 15503 | Orc:2    | Noticed Rupert
 15800 | D:4      | Killed diceflayer's ghost
 16050 | Lair:1   | Killed a seven-headed hydra
 16256 | Lair:2   | Killed a seven-headed hydra
 16257 | Lair:2   | Reached skill level 5 in Invocations
 16257 | Lair:2   | Gained mutation: You are surrounded by a moderate repulsion
                  | field. (EV +3) [demonic ancestry]
 16257 | Lair:2   | Reached XP level 13. HP: 77/111 MP: 9/16
 16427 | Lair:2   | Noticed Gastronok
 16534 | Lair:2   | Killed Gastronok
 16535 | Lair:2   | Reached skill level 5 in Throwing
 17233 | Lair:3   | Found a staircase to the Swamp.
 17381 | D:10     | Bought a manual of Dodging for 1120 gold pieces
 17878 | Lair:3   | Noticed Sonja
 17957 | Lair:3   | Killed Sonja
 18131 | Lair:3   | Found a staircase to the Snake Pit.
 18302 | Lair:4   | Reached skill level 15 in Axes
 18477 | Lair:4   | Reached skill level 5 in Dodging
 18499 | Lair:4   | Noticed Snorg
 18607 | Lair:4   | Killed Snorg
 18608 | Lair:4   | Gained mutation: When low on magic, you restore magic in
                  | place of health. [demonic ancestry]
 18608 | Lair:4   | Reached XP level 14. HP: 106/118 MP: 18/18
 18946 | Lair:4   | Noticed Urug
 18958 | Lair:4   | Killed Urug
 19168 | Lair:4   | Reached skill level 10 in Dodging
 19493 | Lair:5   | Reached ****** piety under Makhleb
 19817 | Lair:5   | Found a staircase to the Slime Pits.
 20385 | Lair:6   | Entered Level 6 of the Lair of Beasts
 20771 | Lair:6   | Found a transporter.
 20773 | Lair:6   | Found a transporter.
 20798 | Lair:6   | Noticed PentaManta's ghost (journeyman MfTm)
 21275 | Lair:6   | Acquired the ring of Dishonour {rF+ rC+ rN+ rCorr}
 21332 | Lair:6   | Gained mutation: You are resistant to unholy torment.
                  | [demonic ancestry]
 21332 | Lair:6   | Reached XP level 15. HP: 113/126 MP: 19/19
 21422 | Lair:6   | Reached skill level 10 in Armour
 21906 | D:12     | Noticed Nessos
 22243 | D:12     | Reached skill level 1 in Evocations
 22657 | D:12     | Killed Nessos
 23190 | D:13     | Found Qetacar's Antique Weapon Shoppe.
 23246 | D:13     | Found Ypetir's General Store.
 24039 | D:14     | Reached skill level 16 in Axes
 24076 | D:14     | Found a gate to the Vaults.
 24545 | D:15     | Entered Level 15 of the Dungeon
 24858 | D:15     | Found a staircase to the Depths.
 24900 | D:15     | Found an iron altar of Okawaru.
 25123 | D:15     | Reached skill level 17 in Axes
 25835 | Orc:2    | Killed Rupert
 25908 | Orc:2    | Found a staircase to the Elven Halls.
 25933 | Orc:2    | Found a runed translucent door.
 25934 | Orc:2    | Found a shimmering altar of Xom.
 25934 | Orc:2    | Noticed gon's ghost (journeyman DECj)
 26246 | Orc:2    | Found Quosun's Antique Weapon Shop.
 26305 | Orc:2    | Reached XP level 16. HP: 133/133 MP: 21/21
 26970 | Orc:2    | Reached skill level 18 in Axes
 27192 | Orc:2    | Found Xouniff's Jewellery Shop.
 27192 | Orc:2    | Found Hojoarod's Distillery.
 27267 | Orc:2    | Found Parylicw's Armour Shop.
 27267 | Orc:2    | Found Ydai's Assorted Antiques.
 27732 | Swamp:1  | Entered Level 1 of the Swamp
 27745 | Lair:3   | Reached skill level 1 in Shields
 28465 | Swamp:1  | Noticed nonnadibruder's ghost (adept MiBe)
 28550 | Swamp:1  | Found a one-way gate to the infinite horrors of the Abyss.
 28551 | Swamp:1  | Found a transporter.
 28718 | Orc:1    | Bought a manual of Shields for 1440 gold pieces
 28916 | Swamp:1  | Found a transporter.
 28999 | Swamp:1  | Reached skill level 5 in Shields
 29597 | Swamp:2  | Noticed a tentacled monstrosity
 29637 | Swamp:1  | Killed a tentacled monstrosity
 29818 | Swamp:2  | Noticed Kirke
 29840 | Swamp:1  | Killed Kirke
 29888 | Swamp:2  | Noticed Frances
 29905 | Swamp:2  | Killed Frances
 29919 | Swamp:2  | You fall into a shaft and drop 1 floor!
 30107 | Swamp:2  | Noticed Aizul
 30183 | Swamp:2  | Reached skill level 10 in Shields
 30238 | Swamp:2  | Killed Aizul
 30433 | Swamp:2  | Noticed Louise
 30451 | Swamp:2  | Killed Louise
 31237 | Swamp:3  | HP: 2/133 [constriction (9)]
 31240 | Swamp:3  | Paralysed by a hornet for 3 turns
 31511 | Swamp:3  | Noticed Mara
 31550 | Swamp:3  | Noticed Hylith's illusion
 31688 | Swamp:3  | Noticed Hylith's illusion
 31875 | Snake:1  | Entered Level 1 of the Snake Pit
 31979 | Snake:1  | Found Taetz's Assorted Antiques.
 32062 | Snake:1  | Reached XP level 17. HP: 139/139 MP: 22/22
 32760 | Snake:2  | Found a snail-covered altar of Cheibriados.
 32789 | Snake:2  | Identified the +12 dagger "Yceupt" {pain, Str+4 Dex-3 SInv}
 33530 | Snake:2  | Reached skill level 15 in Fighting
 34190 | Snake:3  | Noticed Mlioglotl
 34914 | Snake:3  | HP: 7/144 [naga warrior/+0 trident (23)]
 34914 | Snake:3  | HP: 3/144 [constriction (4)]
 34914 | Snake:3  | Annihilated by a naga warrior

Illustrated notes

Levels and vault maps discovered:
D:1:      tarquinn_simple_flora_water_a, layout_loops_ring,
          shapermc_ecumenical_altar_gd, minmay_tetromino_t4
D:2:      layout_loops_ring, serial_shops, nicolae_lakefront_shop
D:3:      minmay_roachtagon, layout_basic
D:4:      layout_cave_pods, gammafunk_ghost_nasty_kobolds, hex_large
D:5:      layout_cave_pods, ebering_ghost_sewer_f, minivault_4, uniq_duvessa
D:6:      layout_cave_pools
D:7:      layout_loops_ring, minmay_temple_entry_arrows, enter_bailey_2,
          uniq_menkaure
D:8:      layout_loops_cross, mainiacjoe_overflow_catwalk
D:9:      nicolae_whirlpool, layout_long_grid, amethyst_overflow_temple_binary,
          due_lair_maze_entry_diamond, serial_shops, shop, uniq_joseph
D:10:     nzn_winding_woodlands_stair_cross
          [nzn_winding_woodlands_5x15_river_crossing,
          nzn_winding_woodlands_center_lodge,
          nzn_winding_woodlands_5x15_crooked, nzn_winding_woodlands_hourglass,
          nzn_winding_woodlands_5x5_checkerboard,
          nzn_winding_woodlands_5x15_sidewinder,
          nzn_winding_woodlands_center_triple_pond,
          nzn_winding_woodlands_5x15_pool], layout_small_grid,
          nicolae_wu_jian_immortal_techniques, serial_shops, shop_fountains,
          uniq_erica
D:11:     layout_layer_cave, erik_orc_2
D:12:     layout_grid_maze, special_room [special_room_orc], minivault_15,
          uniq_nessos
D:13:     layout_roguey, serial_shops, nicolae_diamond_shop,
          kennysheep_mini_moat
D:14:     layout_loops_ring, ximxim_vaults_locker_room
D:15:     hangedman_depths_entry_civil_slaughter, layout_loops_ring,
          okawaru_gym_becter
Temple:   dpeg_five_rooms_temple
Lair:1:   layout_long_grid, gammafunk_ghost_wrathful_warriors,
          infiniplex_staircase_pool_2
Lair:2:   layout_cave_shapes, small_statue_intersection, serial_bayou_shore_a,
          uniq_gastronok
Lair:3:   layout_loops_ring, skrybe_swamp_entry_bodies,
          guppyfry_snake_entry_garden, uniq_sonja
Lair:4:   layout_concentric_octagons, grunt_megastairs_4, uniq_urug, uniq_snorg
Lair:5:   cheibrodos_lair_overgrown_chateau, layout_hall_layers,
          minmay_slime_entry_pillars
Lair:6:   gammafunk_lair_ancient_temple, layout_regular_city,
          gammafunk_ghost_hive
Swamp:1:  layout_basic_swamp, gammafunk_ghost_abyssal_escape,
          evilmike_swamp_ruin_house_1, infiniplex_staircase_pool
Swamp:2:  layout_basic_swamp, evilmike_swamp_ruin_rubble_1,
          nicolae_swamp_bunyip_nook, uniq_kirke, uniq_aizul, uniq_louise,
          uniq_frances
Swamp:3:  layout_basic_swamp, evilmike_swamp_ruin_house_3, uniq_mara
Snake:1:  layout_gridlike, serial_shops, nicolae_shop_behind_doors,
          serial_bayou_shore_b, grunt_megastairs_2
Snake:2:  dpeg_oklob_gauntlet, layout_onion, basic_altar,
          nicolae_coiled_stairwell_down
Snake:3:  layout_rooms, nicolae_snake_guarding_the_ruins, uniq_mlioglotl
Orc:1:    layout_caves, nicolae_shop_self_help
Orc:2:    st_orc_town, layout_diamond_mine, ebering_ghost_xom,
          portal_ice_cave_entry_imps, serial_shops, shop, uniq_rupert

Skill      XL: |  1  2  3  4  5  6  7  8  9 10 11 12 13 14 15 16 17 |
---------------+----------------------------------------------------+-----
Throwing       | 4 7 |  7.0
Stealth        | 1 |  1.0
Dodging        | 1 2 8 14 | 14.0
Fighting       | 6 8 11 12 13 14 15 | 15.9
Armour         | 1 3 5 9 10 | 10.0
Axes           | 6 10 13 14 15 17 18 | 18.0
Invocations    | 5 6 7 |  7.0
Evocations     | 2 |  2.0
Shields        | 13 14 | 14.0

Action                   |  1- 3 |  4- 6 |  7- 9 | 10-12 | 13-15 | 16-18 || total
-------------------------+-------+-------+-------+-------+-------+-------++-------
Melee: Dagger            |   128 |   179 |    61 |       |       |       ||   368
       Punch             |     4 |     2 |     6 |     9 |    27 |     8 ||    56
       Kick              |    23 |    50 |   107 |   224 |   576 |   372 ||  1352
       Short sword       |       |       |    80 |     5 |       |       ||    85
       Broad axe         |       |       |   146 |   670 |  1361 |  1084 ||  3261
       Battleaxe         |       |       |    38 |       |       |       ||    38
       Scimitar          |       |       |       |    14 |       |       ||    14
       Flail             |       |       |       |    11 |    91 |    32 ||   134
Throw: Dart              |       |     2 |       |    28 |    11 |       ||    41
       Boomerang         |       |       |       |    48 |    43 |    62 ||   153
Evoke: Wand              |       |       |    12 |     2 |     5 |    11 ||    30
       Condenser vane    |       |       |       |     1 |       |     1 ||     2
       Lightning rod     |       |       |       |       |     1 |     7 ||     8
  Use: Scroll            |       |     4 |     4 |    22 |     7 |     9 ||    46
       Potion            |       |       |       |     6 |     2 |     6 ||    14
 Stab: Sleeping          |     2 |       |       |       |       |       ||     2
       Paralysed         |       |       |    11 |       |     6 |       ||    17
       Invisible         |       |       |       |       |     4 |       ||     4
Armor: Leather armour    |    25 |       |       |       |       |       ||    25
       Ring mail         |     6 |     9 |       |       |     1 |       ||    16
       Chain mail        |       |    59 |       |       |       |       ||    59
       Plate armour      |       |    14 |   165 |   464 |   756 |   375 ||  1774
Dodge: Dodged            |    81 |   110 |   168 |   431 |  1126 |   515 ||  2431
Block: Other             |       |    42 |    64 |   152 |   244 |    67 ||   569
       Kite shield       |       |       |       |       |       |   405 ||   405
